 Dungeon Crawl Stone Soup version 0.29-a0-920-g5d2155ec51 (webtiles) character file.

Game seed: 13013148621906234650

2422 swaine33 the Covert (level 9, -5/46 HPs)
             Began as a Spriggan Brigand on July 27, 2022.
             Was a Believer of Dithmenos.
             Slain by a two-headed ogre
             ... wielding a +0 giant club
              (28 damage)
             ... on level 6 of the Dungeon.
             The game lasted 00:38:33 (8556 turns).

swaine33 the Covert (Spriggan Brigand)              Turns: 8556, Time: 00:38:34

Health: -5/46      AC:  3    Str:  7    XL:     9   Next: 24%
Magic:  10/10      EV: 22    Int: 12    God:    Dithmenos [**....]
Gold:   280        SH:  0    Dex: 21    Spells: 8/8 levels left

rFire   . . .      SeeInvis +   q - +0 trident
rCold   . . .      Faith    +   (shield currently unavailable)
rNeg    . . .      Spirit   .   b - +0 robe
rPois   .          Reflect  .   (helmet restricted)
rElec   .          Harm     .   c - +0 cloak
rCorr   .          Rampage  .   (gloves unavailable)
Will    +....                   (boots unavailable)
Stlth   ++++++....              A - amulet of faith
HPRegen 0.15/turn               (no ring)
MPRegen 0.12/turn               (no ring)

@: wreathed by umbra, very quick
A: very small, no large weapons, unfitting armour, see invisible, speed 3
a: Renounce Religion, Shadow Step


You were on level 6 of the Dungeon.
You worshipped Dithmenos.
Dithmenos was pleased with you.
You visited 1 branch of the dungeon, and saw 6 of its levels.

You collected 280 gold pieces.

Inventory:

Hand Weapons
 q - a +0 trident (weapon)
 C - a +2 dagger of venom
Missiles
 d - 8 poisoned darts
 e - 7 curare-tipped darts (quivered)
Armour
 b - a +0 robe (worn)
 c - a +0 cloak (worn)
Jewellery
 n - an amulet of guardian spirit
 A - an amulet of faith (around neck)
Scrolls
 g - a scroll of blinking
 h - 5 scrolls of magic mapping
 k - a scroll of enchant armour
 o - a scroll of fog
 p - a scroll of immolation
 s - a scroll of identify
 u - 2 scrolls of poison
 x - a scroll of enchant weapon
Potions
 a - a potion of degeneration {unknown}
 f - 2 potions of invisibility {unknown}
 i - a potion of heal wounds {unknown}
 j - 3 potions of brilliance {unknown}
 l - a potion of lignification {unknown}
 m - a potion of might {unknown}
 r - 2 potions of mutation {unknown}
 t - 2 potions of magic {unknown}
 v - a potion of flight {unknown}
 w - 2 potions of attraction {unknown}
 z - 3 potions of haste {unknown}
 B - a potion of cancellation {unknown}


   Skills:
 + Level 4.6 Fighting
 + Level 7.7 Short Blades
 + Level 3.7 Polearms
 - Level 2.0 Throwing
 - Level 7.0 Dodging
 - Level 10.0 Stealth


You had 8 spell levels left.
You didn't know any spells.
Your spell library contained the following spells:

 Spells                   Type           Power      Damage    Failure   Level
 Sandblast                Erth           0%         2d4       32%         1
 Stone Arrow              Conj/Erth      0%         3d7       69%         3
 Iron Shot                Conj/Erth      0%         9d1       100%        6


Dungeon Overview and Level Annotations

Branches:
Dungeon (6/15)             Temple (0/1) D:5

Altars:
Dithmenos
Elyvilon
Okawaru
Wu Jian
Zin

Shops:
D:5 (

Annotations:
D:3 1 runed translucent door, BlueGoblin's ghost, amateur DsNe


Innate Abilities, Weirdness & Mutations

You are very small and have problems with some larger weapons.
You are too small for most types of armour.
You have supernaturally acute eyesight. (SInv)
You cover ground extremely quickly. (Speed+++)


Message History

Reach: q) +0 trident
Press: ? - help, Dir - move target, f/p - two-headed ogre
Aim: a two-headed ogre, wielding two +0 giant clubs (severely wounded, umbra, about 23% to evade your +0 trident)
You reach to attack!
You puncture the two-headed ogre!
The two-headed ogre is severely wounded.
Reach: q) +0 trident
Press: ? - help, Dir - move target, f/p - two-headed ogre
Aim: a two-headed ogre, wielding two +0 giant clubs (severely wounded, umbra, about 23% to evade your +0 trident)
You reach to attack!
You hit the two-headed ogre but do no damage.
The two-headed ogre is severely wounded.
Reach: q) +0 trident
Press: ? - help, Dir - move target, f/p - two-headed ogre
Aim: a two-headed ogre, wielding two +0 giant clubs (severely wounded, umbra, about 23% to evade your +0 trident)
You reach to attack!
You hit the two-headed ogre but do no damage.
The two-headed ogre is severely wounded.
Reach: q) +0 trident
Press: ? - help, Dir - move target, f/p - two-headed ogre
Aim: a two-headed ogre, wielding two +0 giant clubs (severely wounded, umbra, about 23% to evade your +0 trident)
You reach to attack!
You hit the two-headed ogre.
The two-headed ogre is severely wounded.
Reach: q) +0 trident
Press: ? - help, Dir - move target, f/p - two-headed ogre
Aim: a two-headed ogre, wielding two +0 giant clubs (severely wounded, umbra, about 23% to evade your +0 trident)
You reach to attack!
You hit the two-headed ogre.
The two-headed ogre is severely wounded.
A two-headed ogre comes into view. It is wielding two +0 giant clubs.
The two-headed ogre moves out of view.
Reach: q) +0 trident
Press: ? - help, Dir - move target, f - you, p - two-headed ogre
Okay, then.
Reach: q) +0 trident
Press: ? - help, Dir - move target, f/p - two-headed ogre
Aim: a two-headed ogre, wielding two +0 giant clubs (severely wounded, umbra, about 23% to evade your +0 trident)
You reach to attack!
You barely miss the two-headed ogre.
The two-headed ogre is severely wounded.
The two-headed ogre hits you with a +0 giant club!!
Ouch! That really hurt!
You die...

.#...........#..##.....o..##J.#
###........# ##.o##.8..8.##..##
...........# #...########...#
).).#......#####..≈..≈≈..≈..##
._..##.........#.≈..≈..≈..≈.#
).).#...........#...≈..≈...##
.............##.##.≈....≈.##
###..[......##...##########
.#...........#.)@....#
....###....#....O.<..##
...#.#....###[........#
.........####.........#
.......[..##......#...##
..........###....#.....#
....#....## #.##..##.###
...(#.)...###....#####
......)...#......##


You could see a two-headed ogre.

Vanquished Creatures
  A komodo dragon (D:5)
  Eustachio (D:6)
  A water moccasin (D:6)
  2 orc warriors (D:6)
  A black bear (D:5)
  An ice beast (D:5)
  An ogre (D:6)
  A centaur (D:6)
  A phantom (D:5)
  2 bullfrogs
  6 scorpions
  2 wights (D:6)
  5 killer bees
  A howler monkey (D:6)
  4 hounds
  4 iguanas
  2 orc wizards
  6 adders
  A shadow imp (D:6)
  An ufetubus (D:6)
  3 worms
  A dart slug (D:2)
  19 orcs
  7 bats
  14 endoplasms
  4 giant cockroaches
  7 goblins
  4 hobgoblins
  4 jackals
  6 kobolds
  6 quokkas
  6 ball pythons
  3 frilled lizards
  8 rats
136 creatures vanquished.

Notes
Turn   | Place    | Note
-------+----------+-------------------------------------------
     0 | D:1      | swaine33 the Spriggan Brigand began the quest for the Orb.
     0 | D:1      | Reached XP level 1. HP: 10/10 MP: 2/2
   187 | D:1      | Got the Folio of Excavation
   240 | D:1      | Reached XP level 2. HP: 7/14 MP: 3/3
   927 | D:1      | Reached XP level 3. HP: 18/18 MP: 4/4
  1989 | D:3      | Found a runed translucent door.
  1991 | D:3      | Identified the +0 pair of gloves of the Known World {rF++}
  2032 | D:3      | Reached XP level 4. HP: 10/22 MP: 5/5
  2033 | D:3      | Noticed BlueGoblin's ghost (amateur DsNe)
  2396 | D:3      | Found a white marble altar of Elyvilon.
  2420 | D:3      | Found a shadowy altar of Dithmenos.
  2438 | D:3      | Became a worshipper of Dithmenos the Shadowed
  2667 | D:3      | Reached skill level 5 in Short Blades
  2761 | D:3      | Found a faded altar of an unknown god.
  3078 | D:4      | Found an ornate altar of the Wu Jian Council.
  3259 | D:4      | Reached skill level 1 in Polearms
  3340 | D:4      | Found a glowing silver altar of Zin.
  3452 | D:4      | Reached * piety under Dithmenos
  3632 | D:5      | Entered Level 5 of the Dungeon
  3666 | D:5      | Noticed an ice beast
  3669 | D:5      | Noticed a phantom
  3782 | D:5      | Noticed a scorpion
  4194 | D:5      | Found a staircase to the Ecumenical Temple.
  4201 | D:5      | Reached XP level 5. HP: 25/25 MP: 6/6
  4301 | D:5      | Noticed a komodo dragon
  4330 | D:5      | Reached XP level 6. HP: 10/30 MP: 4/7
  4462 | D:5      | Killed a komodo dragon
  4463 | D:5      | Reached XP level 7. HP: 12/34 MP: 8/8
  5283 | D:5      | Found Bereal's Weapon Boutique.
  5456 | D:5      | Reached skill level 6 in Stealth
  5859 | D:6      | Reached XP level 8. HP: 42/42 MP: 9/9
  5870 | D:6      | Found an iron altar of Okawaru.
  6173 | D:5      | Reached skill level 5 in Dodging
  6173 | D:5      | Reached skill level 7 in Stealth
  6339 | D:6      | Reached skill level 8 in Stealth
  6476 | D:6      | Reached skill level 9 in Stealth
  6744 | D:6      | Reached ** piety under Dithmenos
  6766 | D:6      | Noticed Eustachio
  6827 | D:6      | Killed Eustachio
  7486 | D:6      | Reached XP level 9. HP: 34/46 MP: 10/10
  7705 | D:6      | Noticed a two-headed ogre
  8297 | D:6      | Reached skill level 10 in Stealth
  8551 | D:6      | Noticed a two-headed ogre
  8556 | D:6      | Slain by a two-headed ogre

Illustrated notes

Levels and vault maps discovered:
D:1:      tarquinn_simple_flora_water_a, layout_rooms, serial_curves,
          eino_curves_02, eino_curves_02, skrybe_limestone_x, minmay_octomino_j4
D:2:      layout_basic, chequers_avenue
D:3:      layout_basic, nicolae_overflow_squiral,
          dreamdust_ecumenical_altar_grove, ebering_ghost_reflecting_pool
D:4:      layout_cave_pods, mainiacjoe_overflow_surrounded_room,
          mainiacjoe_overflow_concentric_impassable
D:5:      layout_loops_corners, minmay_temple_entry_trees, serial_shops, shop,
          minmay_chambers_of_fives
D:6:      layout_cave_pools, okawaru_ov_weapons_minmay, hangedman_decor_push,
          nzn_random_ring, uniq_eustachio

Skill      XL: |  1  2  3  4  5  6  7  8  9 |
---------------+----------------------------+-----
Short Blades   | 3 4 5 7 |  7.7
Polearms       | 1 2 3 |  3.7
Fighting       | 4 |  4.6
Dodging        | 3 6 7 |  7.0
Stealth        | 6 9 10 | 10.0
Throwing       | |  2.0

Action                   |  1- 3 |  4- 6 |  7- 9 || total
-------------------------+-------+-------+-------++-------
Melee: Dagger            |   153 |    92 |   257 ||   502
       Punch             |     1 |       |     3 ||     4
       Spear             |       |    52 |       ||    52
       Trident           |       |    20 |    75 ||    95
Throw: Dart              |     3 |     4 |    17 ||    24
  Use: Scroll            |       |       |    12 ||    12
       Potion            |       |       |     5 ||     5
 Stab: Sleeping          |     6 |    11 |     4 ||    21
       Distracted        |       |     1 |     6 ||     7
Armor: Robe              |    18 |    10 |    14 ||    42
Dodge: Dodged            |   102 |    55 |   227 ||   384

Table legend: (Time is in decaauts)
 A = Elapsed time spent in this place.
 B = Non-inter-level travel time spent in this place.
 C = Inter-level travel time spent in this place.
 D = Time resting spent in this place.
 E = Time spent auto-exploring this place.
 F = Levels seen in this place.
 G = Mean time per level.
                   A        B        C        D        E       F      G
               +--------+--------+--------+--------+--------+-----+--------+
         Total |   6680 |   6503 |    177 |   2682 |   1732 |   6 | 1113.3 |
       Dungeon |   6680 |   6503 |    177 |   2682 |   1732 |   6 | 1113.3 |
               +--------+--------+--------+--------+--------+-----+--------+

Top non-repeatable levels by time:
     D:5: 2444 daAuts
     D:6: 1272 daAuts
     D:1: 999 daAuts
     D:4: 743 daAuts
     D:3: 694 daAuts
     D:2: 526 daAuts
